 Dungeon Crawl Stone Soup version 0.30.1-11-g7821555f0a (webtiles) character file.

Game seed: 9951651286326574524

345 Kass the Trooper (level 6, 0/40 HPs)
             Began as a Gargoyle Fighter on Jan 14, 2024.
             Slain by an iguana (6 damage)
             ... on level 4 of the Dungeon.
             The game lasted 00:17:34 (2816 turns).

Kass the Trooper (Gargoyle Fighter)                 Turns: 2816, Time: 00:17:34

Health: 0/40       AC: 11    Str: 22    XL:     6   Next: 58%
Magic:  6/6        EV: 10    Int:  8    God:
Gold:   188        SH:  4    Dex:  9    Spells: 5/5 levels left

rFire   + . .        w - +0 morningstar (flame)
rCold   + . .        c - +0 buckler
rNeg    + . .        i - +1 ring mail {rF+}
rPois   ∞            (no helmet)
rElec   +            (no cloak)
rCorr   .            (no gloves)
SInv    .            (no boots)
Will    .....        g - amulet of the acrobat
Stlth   +            e - ring of protection from cold
HPRegen 0.26/turn    (no ring)
MPRegen 0.10/turn

%: acrobat
@: mighty
A: sickness immunity, AC +4, negative energy resistance 1, electricity
resistance, torment resistance 1, petrification resistance
a: no special abilities


You were on level 4 of the Dungeon.
You visited 1 branch of the dungeon, and saw 4 of its levels.

You collected 188 gold pieces.

Inventory:

Hand Weapons
 a - a +0 flail
 w - a +0 morningstar of flaming (weapon)
Missiles
 p - 6 poisoned darts (quivered)
Armour
 b - a +0 scale mail
 c - a +0 buckler (worn)
 i - a +1 ring mail of fire resistance (worn)
Jewellery
 e - a ring of protection from cold (left hand)
 g - an amulet of the acrobat (around neck)
 u - a +6 ring of intelligence
 z - a ring of see invisible
Scrolls
 m - 4 scrolls of identify
 q - a scroll of vulnerability {unknown}
 t - a scroll of fear {unknown}
 v - a scroll of butterflies {unknown}
 y - a scroll of enchant weapon {unknown}
Potions
 f - a potion of mutation {unknown}
 j - 2 potions of lignification {unknown}
 k - a potion of attraction {unknown}
 n - a potion of brilliance {unknown}
 o - a potion of flight {unknown}
 r - 2 potions of curing {unknown}
 s - a potion of haste {unknown}
 x - a potion of degeneration {unknown}
 A - a potion of magic {unknown}


   Skills:
 + Level 4.9 Fighting
 + Level 4.3 Maces & Flails
 - Level 3.2 Armour
 + Level 1.6 Dodging
 + Level 1.1 Stealth
 + Level 4.5 Shields


You had 5 spell levels left.
You didn't know any spells.
Your spell library contained the following spells:

 Spells                   Type           Power      Damage    Failure   Level
 Freeze                   Ice            0%         1d3       63%         1
 Ensorcelled Hibernation  Hex/Ice        0%         N/A       77%         2
 Passwall                 Tmut/Erth      0%         N/A       77%         2
 Frozen Ramparts          Ice            0%         1d1       94%         3
 Hailstorm                Conj/Ice       0%         3d3       94%         3
 Ignite Poison            Fire/Tmut/Pois 0%         N/A       94%         3
 Swiftness                Air            0%         N/A       94%         3
 Freezing Cloud           Conj/Ice/Air   0%         6-21      100%        5
 Cigotuvi's Dreadful Rot  Necr/Pois/Air  Unusable   N/A       N/A         2

Dungeon Overview and Level Annotations

Branches:
Dungeon (4/15)
 Temple: D:4-7

Altars:
Fedhas
Kikubaaqudgha
Okawaru
Wu Jian


Innate Abilities, Weirdness & Mutations

You are immune to sickness and miasma.
Your stone body is resilient. (AC +4)
You are immune to poison.
You resist negative energy. (rN+)
You are resistant to electric shocks. (rElec)
You are resistant to unholy torment.
You are immune to petrification.


Message History

The hobgoblin completely misses you. The quokka misses you.
You closely miss the hobgoblin. You block the iguana's attack.
The hobgoblin hits you but does no damage.
The quokka closely misses you.
You closely miss the hobgoblin. The iguana bites you.
* * * LOW HITPOINT WARNING * * *
The hobgoblin hits you but does no damage.
The quokka barely misses you. The hobgoblin barely misses you.
The quokka barely misses you.
The iguana bites you but does no damage.
You sock the hobgoblin! You burn the hobgoblin.
You kill the hobgoblin!
The quokka bites you but does no damage.
The iguana hisses menacingly.
The iguana bites you.
* * * LOW HITPOINT WARNING * * *
You barely miss the iguana. The quokka closely misses you.
The endoplasm freezes you.
You are frozen.
You resist.
* * * LOW HITPOINT WARNING * * *
The iguana misses you. You block the quokka's attack.
The iguana hisses menacingly.
The iguana bites you.
* * * LOW HITPOINT WARNING * * *
The endoplasm freezes you.
You are frozen.
You resist.
* * * LOW HITPOINT WARNING * * *
You closely miss the quokka. The quokka closely misses you.
The endoplasm hits you but does no damage.
The iguana bites you but does no damage.
The quokka bites you but does no damage.
You closely miss the quokka.
The quokka bites you but does no damage.
The endoplasm misses you. The iguana closely misses you.
You closely miss the quokka.
The quokka bites you but does no damage.
The endoplasm freezes you.
You are frozen.
You resist. The iguana barely misses you. The quokka closely misses you.
The iguana bites you.
You die...

#.............#
#...(....!....#
###.............#
................#
................#
..$.............#
................#
.
.........rJl.!..#
.
..........@.....#
.
###..:..........#
. ########......#
. #......# .
######## . . . .


You could see an iguana, an endoplasm and a quokka.

Vanquished Creatures
  A black bear (D:2)
  2 iguanas
  An orc wizard (D:2)
  9 adders
  A white imp (D:3)
  3 worms (D:2)
  10 orcs
  8 bats
  An endoplasm (D:4)
  5 giant cockroaches
  5 goblins
  5 hobgoblins
  3 jackals (D:2)
  5 quokkas
  5 ball pythons
  3 frilled lizards (D:3)
  7 kobolds
  3 rats
77 creatures vanquished.

Notes
Turn   | Place    | Note
-------+----------+-------------------------------------------
     0 | D:1      | Kass the Gargoyle Fighter began the quest for the Orb.
     0 | D:1      | Reached XP level 1. HP: 14/14 MP: 1/1
   160 | D:1      | Reached XP level 2. HP: 19/19 MP: 2/2
   641 | D:2      | Reached XP level 3. HP: 24/24 MP: 3/3
   840 | D:2      | Found an ornate altar of the Wu Jian Council.
   978 | D:2      | Reached XP level 4. HP: 17/29 MP: 4/4
  1492 | D:2      | Reached XP level 5. HP: 30/34 MP: 5/5
  1547 | D:2      | Noticed a black bear
  1561 | D:2      | Killed a black bear
  1562 | D:2      | Reached skill level 1 in Dodging
  1562 | D:2      | Reached XP level 6. HP: 39/39 MP: 6/6
  2153 | D:3      | Found an iron altar of Okawaru.
  2246 | D:3      | Found a blossoming altar of Fedhas.
  2246 | D:3      | Found an ancient bone altar of Kikubaaqudgha.
  2735 | D:4      | Reached skill level 1 in Stealth
  2816 | D:4      | Slain by an iguana

Illustrated notes

Levels and vault maps discovered:
D:1:      dpeg_arrival_renting, layout_basic, minmay_stone_trees_small,
          item_on_display_a
D:2:      minmay_razor_zed, layout_basic, basic_altar
D:3:      layout_rooms, grunt_temple_overflow_growth_and_decay,
          mainiacjoe_overflow_brackets, serial_co_window_serial,
          co_window_of_opportunity_a, co_window_cross_1, co_window_paths_a,
          co_window_corner_a, co_window_paths_a, co_window_2corner,
          co_window_of_opportunity_c, co_window_unsneaky_path_a,
          glass_columns_a, minmay_diced_spiral
D:4:      layout_gridville, minmay_temple_entry_slanted,
          kennysheep_generic_room_7

Skill      XL: |  1  2  3  4  5  6 |
---------------+-------------------+-----
Fighting       | 4 |  4.9
Maces & Flails | 3 4 |  4.3
Shields        | 4 |  4.5
Dodging        | 1 |  1.6
Stealth        | 1 |  1.1
Armour         | |  3.2

Action                     |  1- 3 |  4- 6 || total
---------------------------+-------+-------++-------
  Melee: Flail             |   101 |   138 ||   239
         Morningstar       |       |    50 ||    50
  Throw: Throwing net      |       |     1 ||     1
    Use: Scroll            |       |     3 ||     3
         Potion            |       |     1 ||     1
 Armour: Scale mail        |    27 |       ||    27
         Ring mail         |    44 |    88 ||   132
  Dodge: Dodged            |    68 |   145 ||   213
  Block: Buckler           |    19 |    45 ||    64
